 Dungeon Crawl Stone Soup version 0.31.0-11-ge490571c62 (webtiles) character file.

Game seed: 16574135466767839425

8763 Curundu the Protected (level 11, -1/138 HPs)
             Began as a Minotaur Berserker on Feb 9, 2024.
             Was a High Priest of Trog.
             Slain by a vampire (11 damage)
             ... on level 10 of the Dungeon.
             The game lasted 00:29:23 (8618 turns).

Curundu the Protected (Minotaur Berserker)          Turns: 8618, Time: 00:29:24

Health: -1/138     AC: 17    Str: 33    XL:     11   Next: 14%
Magic:  10/10      EV: 10    Int:  4    God:    Trog [*****.]
Gold:   344        SH:  0    Dex:  9    Spells: 10/10 levels left

rFire   . . .        i - +2 broad axe (flame)
rCold   . . .        (no shield)
rNeg    . . .        b - +1 plate armour
rPois   .            (helmet restricted)
rElec   .            (no cloak)
rCorr   .            k - +0 pair of gloves
SInv    .            (no boots)
Will    .....        h - amulet of the acrobat Stlth
                     t - +4 ring of slaying
HPRegen 0.43/turn    u - +6 ring of strength
MPRegen 0.12/turn

%: acrobat
@: berserking (expiring), very quick
A: horns 2, retaliatory headbutt
a: Renounce Religion, Berserk, Trog's Hand, Brothers in Arms


You were on level 10 of the Dungeon.
You worshipped Trog.
Trog was extremely pleased with you.
You visited 2 branches of the dungeon, and saw 11 of its levels.

You collected 344 gold pieces.

Inventory:

Hand Weapons
 i - a +2 broad axe of flaming (weapon)
Missiles
 r - 11 boomerangs (quivered)
 v - 2 throwing nets
Armour
 b - a +1 plate armour (worn)
 k - a +0 pair of gloves (worn)
Jewellery
 h - an amulet of the acrobat (around neck)
 n - the ring of Oqyitucw {rC+ Int+4}
   (You found it on level 3 of the Dungeon)

   [ring of protection from cold]

   Int+4:     It affects your intelligence (+4).
   rC+:       It protects you from cold.
 t - a +4 ring of slaying (left hand)
 u - a +6 ring of strength (right hand)
Wands
 l - a wand of iceblast (19)
 p - a wand of flame (27)
 x - a wand of charming (7)
 C - a wand of digging (5)
Scrolls
 e - 2 scrolls of teleportation
 j - 2 scrolls of fear
 y - 3 scrolls of fog
Potions
 c - a potion of berserk rage
 d - 2 potions of curing
 f - a potion of might
 g - a potion of enlightenment
 o - a potion of lignification
 w - 3 potions of mutation
 z - a potion of heal wounds
 A - a potion of cancellation {unknown}


   Skills:
 + Level 7.3 Fighting
 + Level 10.5 Axes
 + Level 1.0 Throwing
 * Level 11.5 Armour
 * Level 7.2 Dodging
 - Level 0.3 Stealth
 * Level 7.2 Shields
 * Level 5.4 Evocations


You had 10 spell levels left.
You didn't know any spells.
Your spell library was empty.

Dungeon Overview and Level Annotations

Branches:
Dungeon (10/15)            Temple (1/1) D:5             Orc (0/2) D:9
   Lair: D:8-11

Altars:
Ashenzari
Cheibriados
Dithmenos
Elyvilon
Fedhas
Gozag
Hepliaklqana
Kikubaaqudgha
Makhleb
Nemelex Xobeh
Okawaru
Qazlal
Ru
Sif Muna
Trog
Uskayaw
Vehumet
Wu Jian
Xom
Yredelemnul
Zin
The Shining One

Shops:
D:2 [   D:8 *


Innate Abilities, Weirdness & Mutations

You have a pair of horns on your head.
You reflexively headbutt those who attack you in melee.


Message History

Something tries to affect you, but you resist.
You barely miss something. Your headbutt misses something. Something hits you!
Something bites you but does no damage.
You slash something! You burn something. Something hits you but does no damage.
Something bites you!
Something draws strength from your injuries!
Something draws life force from you!
You closely miss something. Something hits you. Something bites you.
Something draws strength from your injuries!
Something hits you but does no damage. Something bites you but does no damage.
You miss something. Your headbutt misses something. Something hits you!
Something bites you but does no damage.
You completely miss something. Your headbutt misses something.
Something hits you.
* * * LOW HITPOINT WARNING * * *
Something bites you but does no damage. Something hits you but does no damage.
Something bites you!
* * * LOW HITPOINT WARNING * * *
Something draws strength from your injuries!
A red film seems to cover your vision as you go berserk!
You feel yourself moving faster!
You feel mighty!
You feel yourself speed up. Something hits you but does no damage.
Something bites you but does no damage.
You miss something. Your headbutt misses something.
Something hits you but does no damage. Something bites you but does no damage.
You closely miss something. Your headbutt misses something.
Something hits you but does no damage. Something bites you!
* * * LOW HITPOINT WARNING * * *
Something draws strength from your injuries!
You closely miss something. Your headbutt misses something. Something hits you.
* * * LOW HITPOINT WARNING * * *
Something bites you.
* * * LOW HITPOINT WARNING * * *
Something draws strength from your injuries!
You completely miss something. You headbutt something! You hit something.
You burn something. Something hits you but does no damage.
Something bites you but does no damage.
You barely miss something. Something hits you but does no damage.
Something bites you!
You die...

#..# #..#
#######..#
#.......>#
#........#
#..8..#..#
##.....#..#
........{@#
#####...#.#
#####.# #.#
#.# #.#
########.#
.........#
.........#


There were no monsters in sight!

Vanquished Creatures
  A two-headed ogre (D:8)
  3 centaur zombies (D:10)
  Maggie (D:7)
  A troll (D:9)
  3 shadows (D:10)
  3 wyverns
  3 wraiths (D:10)
  Grum (D:8)
  5 steam dragons
  A water moccasin (D:7)
  2 ice beasts (D:7)
  7 orc warriors
  3 ogres
  2 centaurs
  4 wolves (D:8)
  2 phantoms
  A gnoll sergeant (D:8)
  6 bullfrogs
  A scorpion (D:7)
  13 wights
  6 killer bees (D:8)
  2 howler monkeys (D:8)
  An electric eel (D:9)
  4 hounds
  12 orc priests
  2 bombardier beetles
  5 jellies
  A gnoll bouda (D:8)
  Jessica (D:3)
  6 orc wizards
  4 gnolls (D:8)
  6 adders
  3 shadow imps
  3 ribbon worms
  A dart slug (D:1)
  50 orcs
  10 ball pythons
  9 endoplasms
  6 giant cockroaches
  10 goblins
  11 hobgoblins
  3 jackals (D:5)
  2 quokkas (D:1)
  7 bats
  5 frilled lizards
  5 kobolds
  5 rats
243 creatures vanquished.

Vanquished Creatures (others)
  A bullfrog (D:6)
  An orc zombie (D:7)
2 creatures vanquished.

Grand Total: 245 creatures vanquished

Notes
Turn   | Place    | Note
-------+----------+-------------------------------------------
     0 | D:1      | Curundu the Minotaur Berserker began the quest for the Orb.
     0 | D:1      | Reached XP level 1. HP: 19/19 MP: 0/0
   175 | D:1      | Reached XP level 2. HP: 26/27 MP: 1/1
   576 | D:1      | Reached XP level 3. HP: 33/33 MP: 2/2
   605 | D:1      | Reached ** piety under Trog
  1583 | D:2      | Found Mearafyi's Antique Armour Shop.
  1895 | D:3      | Reached skill level 1 in Shields
  1895 | D:3      | Reached XP level 4. HP: 8/41 MP: 3/3
  2027 | D:3      | Identified the ring of Oqyitucw {rC+ Int+4}
  2056 | D:3      | Reached skill level 3 in Armour
  2056 | D:3      | Reached skill level 1 in Evocations
  2153 | D:3      | Reached XP level 5. HP: 47/47 MP: 4/4
  2259 | D:3      | Identified the ring of Waediplo {Fire Int+2}
  2260 | D:3      | Noticed Jessica
  2265 | D:3      | Killed Jessica
  2266 | D:3      | Found a faded altar of an unknown god.
  2352 | D:3      | Reached *** piety under Trog
  2947 | D:4      | Reached skill level 5 in Axes
  3102 | D:4      | Reached XP level 6. HP: 53/53 MP: 5/5
  3108 | D:4      | Reached skill level 4 in Armour
  3555 | D:5      | Entered Level 5 of the Dungeon
  3719 | D:5      | Found a glowing silver altar of Zin.
  3746 | D:5      | Reached skill level 5 in Armour
  3746 | D:5      | Reached XP level 7. HP: 50/60 MP: 6/6
  3781 | D:5      | Found a staircase to the Ecumenical Temple.
  3799 | Temple   | Entered the Ecumenical Temple
  4128 | D:5      | Reached skill level 5 in Fighting
  4739 | D:6      | Noticed a steam dragon
  4749 | D:6      | Killed a steam dragon
  4750 | D:6      | Reached skill level 6 in Armour
  5004 | D:6      | Reached XP level 8. HP: 68/68 MP: 7/7
  5511 | D:7      | Reached skill level 7 in Armour
  5863 | D:7      | Reached skill level 8 in Armour
  5863 | D:7      | Reached skill level 5 in Dodging
  5988 | D:7      | Reached XP level 9. HP: 74/74 MP: 8/8
  6011 | D:7      | Noticed Maggie
  6024 | D:7      | Killed Maggie
  6025 | D:7      | Reached skill level 9 in Armour
  6069 | D:7      | Reached skill level 5 in Shields
  6222 | D:7      | Reached **** piety under Trog
  6223 | D:7      | Reached skill level 10 in Armour
  6612 | D:8      | Found Xoful's General Store.
  6733 | D:8      | Noticed a two-headed ogre
  6741 | D:8      | Killed a two-headed ogre
  6742 | D:8      | Reached XP level 10. HP: 71/83 MP: 9/9
  7089 | D:8      | Noticed Grum
  7098 | D:8      | Killed Grum
  7362 | D:8      | Found a basalt altar of Yredelemnul.
  7363 | D:8      | Found a blossoming altar of Fedhas.
  7367 | D:8      | Found an opulent altar of Gozag.
  7368 | D:8      | Found a shadowy altar of Dithmenos.
  7370 | D:8      | Found a white marble altar of Elyvilon.
  7370 | D:8      | Found a shimmering altar of Xom.
  7371 | D:8      | Found a glowing golden altar of the Shining One.
  7373 | D:8      | Found an iron altar of Okawaru.
  7377 | D:8      | Found a radiant altar of Vehumet.
  7715 | D:9      | Reached ***** piety under Trog
  7848 | D:9      | Reached skill level 11 in Armour
  8074 | D:9      | Reached skill level 5 in Evocations
  8250 | D:9      | Reached skill level 10 in Axes
  8276 | D:9      | Found a staircase to the Orcish Mines.
  8357 | D:10     | Entered Level 10 of the Dungeon
  8402 | D:10     | Reached XP level 11. HP: 49/92 MP: 10/10
  8603 | D:10     | Reached skill level 1 in Throwing
  8618 | D:10     | Slain by a vampire

Illustrated notes

Levels and vault maps discovered:
D:1:      kilobyte_arrival_exit_the_forest, layout_rooms,
          minmay_misc_feat_encased, minmay_tree_intersection, serial_park_tiny_1
D:2:      layout_loops_corners, serial_shops, nicolae_shop_peninsula,
          eino_tiny_chamber
D:3:      layout_loops_corners, ebering_ecumenical_altar_petrified, uniq_jessica
D:4:      layout_gridville, due_unseen_surprise
D:5:      layout_basic, mainiacjoe_overflow_cross_hatched,
          minmay_temple_entry_glassed_door
D:6:      layout_rooms
D:7:      cheibrodos_steamvent, layout_cave_pools,
          minmay_fractal_squares_gapless_5, uniq_maggie
D:8:      kennysheep_spiral_hall, layout_cave_pods,
          nicolae_overflow_hallway_of_the_gods, serial_shops, shop_fountains,
          uniq_grum
D:9:      layout_rooms, erik_orc_2, grunt_decor_one_mirror, amethyst_killhole
D:10:     hangedman_cross_stitches, layout_long_grid, erik_lair_orcish_takeover,
          serial_undead, serial_undead_d, serial_undead_e, serial_undead_e,
          serial_undead_d, enter_bailey_5
Temple:   hc_temple_tempest_star

Skill      XL: |  1  2  3  4  5  6  7  8  9 10 11 |
---------------+----------------------------------+-----
Fighting       | 4 5 6 7 |  7.3
Axes           | 4 5 6 7 8 10 | 10.5
Dodging        | 3 4 5 6 7 |  7.2
Shields        | 1 2 3 4 5 7 |  7.2
Armour         | 3 5 6 8 10 11 | 11.5
Evocations     | 1 2 3 4 5 |  5.4
Throwing       | 1 |  1.0
Stealth        | |  0.3

Action                     |  1- 3 |  4- 6 |  7- 9 | 10-12 || total
---------------------------+-------+-------+-------+-------++-------
  Melee: Hand axe          |   114 |   104 |    96 |       ||   314
         Headbutt          |    19 |    16 |    22 |    28 ||    85
         Punch             |     2 |     2 |     1 |     2 ||     7
         Broad axe         |       |       |    45 |   168 ||   213
  Throw: Boomerang         |       |       |       |    14 ||    14
 Invoke: Trog's Hand       |       |     4 |     2 |     7 ||    13
         Berserk           |       |       |     2 |     1 ||     3
    Use: Scroll            |       |    11 |     6 |     4 ||    21
         Potion            |       |       |     1 |       ||     1
   Stab: Confused          |       |       |     1 |       ||     1
 Armour: Animal skin       |    45 |       |       |       ||    45
         Plate armour      |    16 |    98 |   171 |   232 ||   517
  Dodge: Dodged            |    62 |    32 |    83 |   153 ||   330
